 Dungeon Crawl Stone Soup version 0.21.1-1-g345015f (webtiles) character file.

189 Draznyth the Skirmisher (level 5, -1/34 HPs)
             Began as a Gargoyle Fighter on Mar 8, 2018.
             Slain by an orc priest
             ... wielding a +0 mace
              (4 damage)
             ... on level 3 of the Dungeon.
             The game lasted 00:03:22 (2383 turns).

Draznyth the Skirmisher (Gargoyle Fighter)          Turns: 2383, Time: 00:03:23

Health: -1/34      AC: 10    Str: 26    XL:     5   Next: 68%
Magic:  5/5        EV:  7    Int:  8    God:
Gold:   43         SH:  9    Dex:  9    Spells: 4/4 levels left

rFire    . . .     SeeInvis .   a - +0 war axe
rCold    . . .     Gourm    .   c - +0 shield
rNeg     + . .     Faith    .   b - +0 scale mail
rPois    ∞         Spirit   .   (no helmet)
rElec    +         Reflect  .   (no cloak)
rCorr    .         Harm     .   (no gloves)
MR       .....                  (no boots)
Stlth    ..........             (no amulet)
HPRegen  0.11/turn              (no ring)
MPRegen  0.09/turn              (no ring)

@: mighty
A: negative energy resistance 1, electricity resistance, unbreathing,
petrification resistance, rot immunity, AC +4
a: no special abilities


You were on level 3 of the Dungeon.
You were not hungry.

You visited 1 branch of the dungeon, and saw 3 of its levels.

You collected 43 gold pieces.

Inventory:

Hand Weapons
 a - a +0 war axe (weapon)
Missiles
 e - 32 stones (quivered)
 l - 63 arrows
Armour
 b - a +0 scale mail (worn)
 c - a +0 shield (worn)
 o - a +0 pair of gloves
Jewellery
 m - an uncursed ring of fire {unknown}
 p - a cursed +4 ring of protection {unknown}
Scrolls
 h - 3 scrolls of teleportation {unknown}
 j - a scroll of blinking {unknown}
 k - a scroll of enchant weapon {unknown}
 n - 3 scrolls of fear {unknown}
Potions
 g - a potion of haste {unknown}
 i - a potion of degeneration {unknown}
Comestibles
 f - 4 rations


   Skills:
 + Level 4.7 Fighting
 * Level 4.3 Axes
 - Level 3.2 Armour
 - Level 3.2 Shields


You had 4 spell levels left.
You didn't know any spells.

Dungeon Overview and Level Annotations

Branches:
Dungeon (3/15)

Altars:
Hepliaklqana
Kikubaaqudgha
Trog
The Shining One


Innate Abilities, Weirdness & Mutations

You are resistant to torment.
Your stone body is resilient. (AC +4)
You are immune to poison.
You resist negative energy. (rN+)
You are resistant to electric shocks. (rElec)
You can survive without breathing.
You are immune to petrification.
You are immune to rotting.


Message History

a short sword; a dagger; an orc corpse You slash the orc!
You kill the orc!
The orc priest calls down the wrath of Beogh upon you.
Beogh smites you!
* * * LOW HITPOINT WARNING * * *
The orc priest hits you with a mace.
* * * LOW HITPOINT WARNING * * *
Things that are here:
a trident; a leather armour; an orc corpse You feel very mighty all of a sudden.
The orc priest hits you but does no damage.
You barely miss the orc priest.
The orc priest looks encouraged for a moment.
You closely miss the orc priest. The orc priest hits you with a mace.
* * * LOW HITPOINT WARNING * * *
You slash the orc priest!
The orc priest is almost dead.
The orc priest hits you with a mace.
You die...

# #..######..
#.###.÷#.......
##..............
................
#######.#######.
#.!.......
##.#######.
##).......
#@####### #o#
#o# #$# #.# #.#
#.# #.#


You could see 2 orc priests.

Vanquished Creatures
  Natasha (thrice) (D:2)
  2 gnolls (D:2)
  3 adders
  3 worms (D:2)
  2 leopard geckos
  3 orcs (D:3)
  A ball python (D:2)
  5 bats
  2 giant cockroaches (D:2)
  6 goblins
  5 hobgoblins
  5 kobolds
  6 quokkas
  5 frilled lizards
  6 rats
  A plant (D:2)
58 creatures vanquished.

Vanquished Creatures (others)
  2 plants (D:2)
2 creatures vanquished.

Grand Total: 60 creatures vanquished

Notes
Turn   | Place    | Note
-------+----------+-------------------------------------------
     0 | D:1      | Draznyth the Gargoyle Fighter began the quest for the Orb.
     0 | D:1      | Reached XP level 1. HP: 14/14 MP: 1/1
    90 | D:1      | Reached XP level 2. HP: 19/19 MP: 2/2
   691 | D:2      | Reached XP level 3. HP: 24/24 MP: 3/3
   698 | D:2      | Found a hazy altar of Hepliaklqana.
   698 | D:2      | Found an ancient bone altar of Kikubaaqudgha.
   987 | D:2      | Found a bloodstained altar of Trog.
  1006 | D:2      | Reached XP level 4. HP: 24/29 MP: 4/4
  1251 | D:2      | Found a glowing golden altar of the Shining One.
  1279 | D:2      | Noticed Natasha
  1316 | D:2      | Killed Natasha
  1620 | D:2      | Reached XP level 5. HP: 34/34 MP: 5/5
  1737 | D:2      | Noticed Natasha
  1739 | D:2      | Killed Natasha
  1766 | D:2      | Found a glowing golden altar of the Shining One.
  1773 | D:2      | Found an ancient bone altar of Kikubaaqudgha.
  1780 | D:2      | Found a hazy altar of Hepliaklqana.
  1840 | D:2      | Noticed Natasha
  1843 | D:2      | Found a bloodstained altar of Trog.
  1849 | D:2      | Killed Natasha
  2383 | D:3      | Slain by an orc priest

Skill      XL: |  1  2  3  4  5 |
---------------+----------------+-----
Axes           | 2 3 4 |  4.3
Fighting       | 4 |  4.7
Armour         | |  3.2
Shields        | |  3.2

Action                   |  1- 3 |  4- 6 || total
-------------------------+-------+-------++-------
Melee: War axe           |   114 |   122 ||   236
  Use: Potion            |       |     1 ||     1
  Eat: Chunk             |       |     5 ||     5
Armor: Scale mail        |    67 |    56 ||   123
Dodge: Dodged            |    45 |    36 ||    81
Block: Shield            |    71 |    52 ||   123
